 Dungeon Crawl Stone Soup version 0.31-a0-408-gb642c7f9a3 (webtiles) character file.

Game seed: 12062471263975722968

169978 Flugkiller the Impassioned (level 17, -5/133 HPs)
             Began as a Demonspawn Shapeshifter on July 29, 2023.
             Was a Believer of Uskayaw.
             Slain by a naga warrior
             ... wielding a +0 halberd
              (19 damage)
             ... on level 4 of the Snake Pit.
             The game lasted 00:51:02 (37290 turns).

Flugkiller the Impassioned (DsSh)                  Turns: 37290, Time: 00:51:03

Health: -5/133     AC: 25    Str: 23    XL:     17   Next: 36%
Magic:  29/29      EV: 14    Int:  6    God:    Uskayaw [**....]
Gold:   1773       SH: 17    Dex: 17    Spells: 16/16 levels left

rFire   + .          .
                       - Unarmed
rCold   . . .        F - +0 kite shield
rNeg    . . .        k - +10 plate armour {ponderous}
rPois   +            (helmet currently unavailable)
rElec   .            (cloak currently unavailable)
rCorr   +            (gloves currently unavailable)
SInv    .            (boots unavailable)
Will    +....        Q - amulet of reflection Stlth
                     v - +5 ring of evasion
HPRegen 0.42/turn    x - ring of Xagitusi {rPois rF+ rCorr Str+2 Int-3}
MPRegen 0.42/turn

%: reflection
@: lethally poisoned (-5 -> -12), beast-form, constricted, studying 2 skills,
slow
A: beast (slay +7), antennae 2, hooves 3, magic regeneration, demonic magic 1,
demonic touch 2
a: Begin Untransformation, Renounce Religion, Stomp, Line Pass


You were on level 4 of the Snake Pit.
You worshipped Uskayaw.
Uskayaw was most pleased with you.
You were a hulking beast.
You visited 5 branches of the dungeon, and saw 27 of its levels.
You also visited: Ossuary, Bailey, Gauntlet and Ice Cave.

You collected 2732 gold pieces.
You spent 959 gold pieces at shops.

Inventory:

Missiles
 g - a throwing net
Armour
 k - a +10 plate armour of ponderousness (worn)
   (You took it off an orc warrior on level 2 of the Orcish Mines)
 u - a +0 tower shield
   (You found it on level 4 of the Dungeon)
 F - a +0 kite shield (worn)
   (You took it off a gnoll sergeant on level 8 of the Dungeon)
 O - the +3 leather armour "Gogg" {rElec rC+ Int-4 Dex+3}
   (You found it in a bailey)

   Int:       It affects your intelligence (-4).
   Dex:       It affects your dexterity (+3).
   rC:        It protects you from cold.
   rElec:     It insulates you from electricity.
 R - a +1 cloak
   (You took it off a white draconian in an ice cave)
Jewellery
 a - a +6 ring of dexterity
   (You found it on level 4 of the Dungeon)
 b - a +6 ring of dexterity
   (You found it on level 4 of the Dungeon)
 m - a ring of willpower
   (You found it on level 4 of the Lair of Beasts)
 v - a +5 ring of evasion (left hand)
   (You found it on level 2 of the Snake Pit)
 x - the ring of Xagitusi (right hand) {rPois rF+ rCorr Str+2 Int-3}
   (You found it on level 10 of the Dungeon)

   [ring of poison resistance]

   Str:       It affects your strength (+2).
   Int:       It affects your intelligence (-3).
   rF:        It protects you from fire.
   rPois:     It protects you from poison.
   rCorr:     It protects you from acid and corrosion.
 y - an amulet of faith
   (You found it on level 5 of the Dungeon)
 Q - an amulet of reflection (around neck)
   (You found it on level 11 of the Dungeon)
 W - the ring of the Centaur {rC+ Dex+3}
   (You found it in a Gauntlet)

   [ring of protection from cold]

   Dex:       It affects your dexterity (+3).
   rC:        It protects you from cold.
Talismans
 c - a beast talisman
 e - a serpent talisman
   (You found it on level 1 of the Dungeon)
 o - a maw talisman
   (You found it on level 3 of the Dungeon)
 E - a blade talisman
   (You found it on level 6 of the Dungeon)
 P - a dragon-blood talisman
   (You found it on level 3 of the Snake Pit)
Wands
 r - a wand of paralysis (27)
   (You took it off a wight on level 8 of the Dungeon)
 M - a wand of mindburst (15)
   (You found it on level 9 of the Dungeon)
 N - a wand of polymorph (25)
   (You took it off a gnoll on level 4 of the Dungeon)
 T - a wand of flame (30)
   (You found it on level 13 of the Dungeon)
 X - a wand of digging (5)
   (You found it on level 13 of the Dungeon)
Scrolls
 f - 3 scrolls of enchant armour
 p - a scroll of silence
 s - 5 scrolls of immolation
 t - 5 scrolls of teleportation
 z - 2 scrolls of blinking
 A - 8 scrolls of fog
 C - a scroll of revelation
 K - 4 scrolls of poison
 L - a scroll of butterflies
Potions
 d - 2 potions of might
 h - 4 potions of haste
 i - 4 potions of brilliance
 j - a potion of ambrosia
 l - a potion of invisibility
 n - 3 potions of resistance
 q - 6 potions of curing
 w - 2 potions of heal wounds
 B - 2 potions of attraction
 G - 10 potions of mutation
 H - a potion of cancellation
 I - 5 potions of lignification
 J - 2 potions of enlightenment
 V - a potion of magic
Miscellaneous
 U - a lightning rod (4/4)
   (You found it on level 2 of the Lair of Beasts)
 Y - a phial of floods
   (You found it in an ice cave)
 Z - a condenser vane
   (You found it in an ice cave)


   Skills:
 - Level 12.0 Fighting
 - Level 11.0 Armour
 - Level 13.6 Dodging
 + Level 11.1 Shields
 - Level 12.0 Unarmed Combat
 + Level 16.3 Invocations
 - Level 6.0 Evocations
 - Level 10.0 Shapeshifting


You had 16 spell levels left.
You didn't know any spells.
Your spell library contained the following spells:

 Spells                   Type           Power      Damage    Failure   Level
 Foxfire                  Conj/Fire      0%         2x1d4     100%        1
 Kiss of Death            Conj/Necr      0%         2d5       100%        1
 Magic Dart               Conj           0%         1d3       100%        1
 Sandblast                Erth           0%         2d4       100%        1
 Shock                    Conj/Air       0%         1d3       100%        1
 Call Imp                 Summ           0%         N/A       100%        2
 Cigotuvi's Dreadful Rot  Necr/Pois/Air  0%         N/A       100%        2
 Ensorcelled Hibernation  Hex/Ice        0%         N/A       100%        2
 Passwall                 Tmut/Erth      0%         N/A       100%        2
 Call Canine Familiar     Summ           0%         N/A       100%        3
 Confusing Touch          Hex            0%         N/A       100%        3
 Gell's Gravitas          Tloc           0%         N/A       100%        3
 Hailstorm                Conj/Ice       0%         3d3       100%        3
 Ignite Poison            Fire/Tmut/Pois 0%         N/A       100%        3
 Mephitic Cloud           Conj/Pois/Air  0%         N/A       100%        3
 Ozocubu's Armour         Ice            0%         N/A       100%        3
 Portal Projectile        Hex/Tloc       0%         N/A       100%        3
 Stone Arrow              Conj/Erth      0%         3d7       100%        3
 Summon Guardian Golem    Hex/Summ       0%         N/A       100%        3
 Vhi's Electric Charge    Tloc/Air       0%         N/A       100%        3
 Animate Armour           Summ/Erth      0%         N/A       100%        4
 Dispel Undead            Necr           0%         3d6       100%        4
 Leda's Liquefaction      Hex/Erth       0%         N/A       100%        4
 Summon Ice Beast         Ice/Summ       0%         N/A       100%        4
 Arcjolt                  Conj/Air       0%         1d10      100%        5
 Freezing Cloud           Conj/Ice/Air   0%         6-21      100%        5
 Lee's Rapid Deconstruct  Erth           0%         3d4*      100%        5
 Summon Mana Viper        Hex/Summ       0%         N/A       100%        5
 Leda's Unmaking          Conj/Erth      0%         9d1       100%        6
 Plasma Beam              Fire/Air       0%         2x1d10    100%        6
 Starburst                Conj/Fire      0%         6d3       100%        6
 Monstrous Menagerie      Summ           0%         N/A       100%        7
 Orb of Destruction       Conj           0%         9d5       100%        7
 Ozocubu's Refrigeration  Ice            0%         4d7       100%        7
 Spellforged Servitor     Conj/Summ      0%         N/A       100%        7
 Borgnjor's Revivificati  Necr           0%         N/A       100%        8
 Disjunction              Tloc           0%         N/A       100%        8
 Chain Lightning          Conj/Air       0%         N/A       100%        9
 Fire Storm               Conj/Fire      0%         5d1       100%        9
 Shatter                  Erth           0%         3d5*      100%        9


Dungeon Overview and Level Annotations

Branches:
Dungeon (15/15) Zot: 24374  Temple (1/1) D:7 Zot: 5971    Lair (5/5) D:10 Zot: 22830
 Shoals (0/4) Lair:2        Snake (4/4) Lair:2 Zot: 18180   Slime (0/5) Lair:5
    Orc (2/2) D:9 Zot: 8526     Elf (0/3) Orc:2        Vaults (0/5) D:14
 Depths (0/4) D:15        Ossuary (visited)          Bailey (visited)
  IceCv (visited)         Gauntlet (visited)

Altars:
Ashenzari
Cheibriados
Dithmenos
Fedhas
Gozag
Hepliaklqana
Kikubaaqudgha
Makhleb
Nemelex Xobeh
Okawaru
Qazlal
Ru
Sif Muna
Trog
Uskayaw
Vehumet
Wu Jian
Xom
Yredelemnul
Jiyva

Shops:
D:13 :   D:14 (   Orc:2 *:**   Snake:1 :

Annotations:
D:13 3 runed translucent doors, Papox's ghost, journeyman DsEE
Lair:2 3 runed translucent doors, SlaveLabor's ghost, journeyman TrFi


Innate Abilities, Weirdness & Mutations

You are a hulking beast.
Your limbs bulge with bestial killing power. (Slay +7)
You have a pair of antennae on your head.
You have hooves in place of feet.
You regenerate magic rapidly.
Spells you cast may paralyse adjacent enemies.
Your touch may inflict irresistible damage on your foes.


Message History

The nagaraja is severely wounded.
You closely miss the nagaraja. You kick the nagaraja!
The nagaraja is almost dead.
You block the nagaraja's attack. The nagaraja constricts you.
The naga sharpshooter spits poison at you.
The splash of poison hits you but does no damage.
You resist.
Uskayaw will force your foes to helplessly watch your dance.
Uskayaw prepares the audience for your solo!
The nagaraja loses its grip on you.
The helpless nagaraja fails to defend itself.
You pummel the nagaraja!!
You kill the nagaraja!
Okay, then.
The naga sharpshooter is no longer paralysed.
The naga sharpshooter shoots a bolt.
The bolt hits you.
The naga sharpshooter gestures wildly while chanting.
The naga sharpshooter magically shoots a bolt.
The bolt hits you!
The naga sharpshooter casts a spell.
The naga sharpshooter magically shoots a bolt.
You block the bolt with an invisible shield... and reflect it back!
The naga sharpshooter shoots a bolt.
The bolt barely misses you.
A naga warrior comes into view. It is wielding a +0 halberd.
The naga warrior shouts!
The naga shouts!
The naga warrior roars a battlecry!
The naga goes into a battle-frenzy!
The naga spits poison at you.
You block splash of poison... and reflect it back!
The splash of poison hits the naga but does no damage.
The naga is poisoned.
You can no longer pass through a line of other dancers.
The naga warrior spits poison at you. The splash of poison hits you.
You resist.
You punch the naga warrior! Your kick misses the naga warrior.
The naga warrior is lightly wounded.
You hit the nagaraja. Your kick misses the nagaraja.
The nagaraja is lightly wounded.
The naga warrior hits you from afar with a +0 halberd.
You barely miss the nagaraja.
The nagaraja is lightly wounded.
The naga closely misses you. x2
You punch the nagaraja! Your kick misses the nagaraja.
The nagaraja is lightly wounded.
You block the naga warrior's attack.
The nagaraja points at you and mumbles some strange words.
The poison arrow hits you!
You are poisoned.
You partially resist.
You barely miss the nagaraja. Your kick misses the nagaraja.
The nagaraja is lightly wounded.
You feel very sick.
The naga looks more healthy.
You block the naga's attack. The naga closely misses you.
You block the naga warrior's attack.
The nagaraja hits you with a +0 flail!!!
You block the nagaraja's attack.
You hear a shout! x2
You barely miss the nagaraja. Your kick misses the nagaraja.
The nagaraja is lightly wounded.
You feel sick.
You hear a shout!
You block the naga's attack. The naga grabs you. The naga constricts you.
You block the naga warrior's attack. You block the nagaraja's attack.
You closely miss the nagaraja. You kick the nagaraja!
The nagaraja is moderately wounded.
You feel sick. The naga hits you with a +0 scimitar. The naga constricts you.
You block the naga warrior's attack.
The naga sharpshooter spits poison at you.
The splash of poison misses you.
The splash of poison hits the naga.
You completely miss the nagaraja. Your kick misses the nagaraja.
The nagaraja is moderately wounded.
You feel sick. The nagaraja spits poison at you.
The splash of poison hits you but does no damage.
You are more poisoned.
You resist. The naga spits poison at you. The splash of poison misses you.
The naga constricts you. You block the naga warrior's attack.
The naga sharpshooter gestures wildly while chanting.
The naga sharpshooter magically shoots a bolt.
The bolt hits you!
You hit the nagaraja. You kick the nagaraja!
The nagaraja is heavily wounded.
You feel very sick.
The naga no longer looks unusually strong.
The nagaraja hits you but does no damage.
You block the naga's attack. The naga constricts you.
The naga warrior roars a battlecry!
The nagas go into a battle-frenzy!
You can now pass through a line of other dancers.
You punch the nagaraja!
The nagaraja is heavily wounded.
You feel sick.
The naga sharpshooter shoots a bolt.
The bolt hits you!!
* * * LOW HITPOINT WARNING * * *
The nagaraja hits you with a +0 flail.
* * * LOW HITPOINT WARNING * * *
You block the naga's attack. The naga constricts you.
The naga warrior hits you from afar with a +0 halberd!!
You die...

##.)N.N.[..##....###.....##
#....S.N.......## ##...##
.....##N........####....#
....####.........##....##
...## ##N#######....S.##
..# ##.N#...........## ..
##...#.#####N..### ..
##....# #NN## #.....# #h##
#...#..# #.#
.....##.N#######.# ...S#
##.....{{N.# #..#
##........## ###
##....###### ##....## #
##....## ## #....##


You could see a nagaraja (strong, catching breath), a naga warrior, a naga
sharpshooter (strong), a guardian serpent and a naga (strong, catching breath).

Vanquished Creatures
  A shard shrike (IceCv)
  Jorgrun (Orc:1)
  Aizul (Snake:3)
  A nagaraja (Snake:4)
  3 orc warlords (Orc:2)
  A very ugly thing (Snake:4)
  A minotaur (Gauntlet)
  A white draconian (IceCv)
  A dire elephant (D:15)
  Snorg (Orc:1)
  Josephine (Lair:3)
  An ice dragon (IceCv)
  A vault guard (D:14)
  8 hydras
  Erolcha (D:10)
  An ogre mage (D:15)
  A catoblepas (D:13)
  3 ironbound frosthearts (IceCv)
  6 anacondas
  9 two-headed ogres
  A centaur warrior (D:13)
  2 death knights (D:15)
  2 tengu warriors
  3 boulder beetles
  10 naga warriors
  10 death yaks
  Urug (Lair:2)
  4 orc high priests (Orc:2)
  12 naga sharpshooters
  3 shock serpents (Snake:2)
  A salamander mystic (Snake:1)
  A skyshark (Lair:4)
  A glowing orange brain (D:14)
  3 naga ritualists
  An orange crystal statue (IceCv)
  6 orc knights
  Pikel (D:4)
  2 deep elf pyromancers (D:15)
  5 orc sorcerers (Orc:2)
  9 mana vipers
  A wolf spider (D:15)
  31 ugly things
  5 manticores
  4 cyclopes
  6 elephants (Lair:4)
  10 salamanders
  9 naga magi
  An eye of devastation (Snake:1)
  2 guardian serpents
  29 black mambas
  15 cane toads
  2 torpor snails (Lair:5)
  2 unseen horror zombies (D:9)
  3 unseen horrors
  17 rime drakes
  An efreet (D:15)
  A tengu conjurer (D:15)
  10 komodo dragons
  A freezing wraith (D:15)
  5 kobold demonologists
  A burning bush (Lair:5)
  9 trolls
  29 polar bears
  5 hornets
  4 blink frogs (Lair:4)
  7 dream sheep (Lair:5)
  10 slime creatures
  A centaur simulacrum (D:14)
  13 spriggans (Lair:5)
  8 wraiths
  10 wyverns
  33 yaks
  A neqoxec (Gauntlet)
  4 basilisks
  2 steam dragons
  2 chaos spawn (Gauntlet)
  2 harpy simulacra (Gauntlet)
  11 vampire mosquitoes
  2 swamp worms (Gauntlet)
  8 wargs
  44 nagas
  An acid dragon (D:12)
  17 water moccasins
  6 ice beasts
  62 orc warriors
  5 black bears
  2 sky beasts (D:6)
  12 ogres
  25 wolves
  10 centaurs
  4 boggarts (Lair:5)
  4 lemures
  A phantom (D:4)
  3 kobold brigands
  Blork the orc (D:5)
  17 bullfrogs
  2 gnoll sergeants (D:8)
  6 scorpions
  7 wights
  10 killer bees
  An electric eel (Bailey)
  2 howler monkeys
  A centaur zombie (Ossuary)
  4 hounds
  33 orc priests
  A human zombie (Ossuary)
  3 jellies (D:5)
  4 iguanas
  2 sleepcaps
  16 orc wizards
  7 hell rats (Lair:4)
  Natasha (thrice) (D:4)
  2 killer bee zombies (D:9)
  A boggart simulacrum (Gauntlet)
  3 mummies (Ossuary)
  3 howler monkey zombies (D:9)
  13 gnolls
  16 adders
  A white imp (D:8)
  4 worms
  2 dart slugs (D:5)
  101 orcs
  3 bats
  6 endoplasms
  4 giant cockroaches
  A gnoll zombie (Ossuary)
  21 goblins
  11 hobgoblins
  12 jackals
  4 quokkas
  4 ball pythons
  2 frilled lizards
  12 kobolds
  2 kobold zombies (Ossuary)
  3 orc zombies (Ossuary)
  4 rats
990 creatures vanquished.

Vanquished Creatures (others)
  A wizard (D:14)
  A naga (Snake:2)
2 creatures vanquished.

Grand Total: 992 creatures vanquished

Notes
Turn   | Place    | Note
-------+----------+-------------------------------------------
     0 | D:1      | Flugkiller the Demonspawn Shapeshifter began the quest for
                  | the Orb.
     0 | D:1      | Reached XP level 1. HP: 15/15 MP: 1/1
   125 | D:1      | Found a faded altar of an unknown god.
   437 | D:1      | Discovered your monstrous ancestry.
   437 | D:1      | Gained mutation: You have large cloven feet. [demonic
                  | ancestry]
   437 | D:1      | Reached XP level 2. HP: 19/21 MP: 2/2
  1380 | D:2      | Gained mutation: Your touch may inflict minor irresistible
                  | damage on your foes. [demonic ancestry]
  1380 | D:2      | Reached XP level 3. HP: 22/26 MP: 3/3
  1668 | D:2      | Reached XP level 4. HP: 33/33 MP: 4/4
  2063 | D:3      | Found a shadowy altar of Dithmenos.
  2634 | D:3      | Noticed a scorpion
  2639 | D:3      | Killed a scorpion
  2640 | D:3      | Gained mutation: You have hoof-like feet. [demonic
                  | ancestry]
  2640 | D:3      | Reached XP level 5. HP: 39/39 MP: 5/5
  2924 | D:4      | Noticed Natasha
  2924 | D:4      | You fall into a shaft and drop 1 floor!
  2924 | D:5      | Entered Level 5 of the Dungeon
  3019 | D:3      | Found a burning altar of Makhleb.
  3019 | D:3      | Found a blossoming altar of Fedhas.
  3150 | D:3      | Reached XP level 6. HP: 31/47 MP: 6/6
  3247 | D:3      | Found a radiant altar of Vehumet.
  3355 | D:4      | Noticed Pikel
  4144 | D:4      | Killed Natasha
  4145 | D:4      | Reached XP level 7. HP: 50/52 MP: 7/7
  4238 | D:4      | Noticed Natasha
  4242 | D:4      | Killed Natasha
  4259 | D:4      | Killed Pikel
  4260 | D:4      | Reached skill level 5 in Shapeshifting
  4392 | D:4      | Noticed Natasha
  4397 | D:4      | Killed Natasha
  4398 | D:4      | Reached skill level 5 in Unarmed Combat
  4398 | D:4      | Gained mutation: You have a pair of small antennae on your
                  | head. [demonic ancestry]
  4398 | D:4      | Reached XP level 8. HP: 61/61 MP: 8/8
  4423 | D:4      | Identified the +4 rapier of the Eggplant {drain, +Blink rF+
                  | rN++ Dex-2}
  4798 | D:5      | Noticed Blork the orc
  4805 | D:5      | Killed Blork the orc
  4806 | D:5      | Reached skill level 5 in Fighting
  5344 | D:5      | Found a hazy altar of Hepliaklqana.
  5633 | D:6      | Gained mutation: Your touch may inflict irresistible damage
                  | on your foes. [demonic ancestry]
  5633 | D:6      | Reached XP level 9. HP: 50/69 MP: 9/9
  5741 | D:6      | Found an ornate altar of the Wu Jian Council.
  5866 | D:6      | Noticed a two-headed ogre
  6087 | D:6      | Killed a two-headed ogre
  6109 | D:6      | Noticed a manticore
  6126 | D:6      | Killed a manticore
  6127 | D:6      | Reached XP level 10. HP: 39/79 MP: 10/10
  7138 | D:7      | Found a staircase to the Ecumenical Temple.
  7175 | Temple   | Entered the Ecumenical Temple
  7190 | Temple   | Became a worshipper of Uskayaw the Reveller
  7221 | D:7      | Reached * piety under Uskayaw
  7222 | D:7      | Reached ** piety under Uskayaw
  7242 | D:7      | Got the Handbook of Geometric Blasting
  7357 | D:7      | Found a sand-covered staircase.
  7367 | Ossuary  | Entered an ossuary
  7716 | D:7      | Reached *** piety under Uskayaw
  7717 | D:7      | Reached **** piety under Uskayaw
  7744 | D:7      | Noticed a white ugly thing
  7910 | D:7      | Found a basalt altar of Yredelemnul.
  9514 | D:9      | Reached XP level 11. HP: 52/86 MP: 11/11
  9514 | D:9      | Reached ***** piety under Uskayaw
  9661 | D:9      | Found a staircase to the Orcish Mines.
  9870 | D:9      | Reached skill level 5 in Dodging
 10398 | D:10     | Entered Level 10 of the Dungeon
 10438 | D:10     | Found a flagged portal.
 10453 | Bailey   | Entered a bailey
 10542 | Bailey   | Noticed an orc knight
 10567 | Bailey   | Killed an orc knight
 11159 | Bailey   | Noticed an orc knight
 11169 | Bailey   | Killed an orc knight
 11170 | Bailey   | Reached skill level 10 in Shapeshifting
 11376 | Bailey   | Found an iron altar of Okawaru.
 11381 | Bailey   | Noticed a soul eater
 11382 | Bailey   | Noticed a sun demon
 11588 | Bailey   | Identified the +1 hat "Afoimu" {Int+2}
 11590 | Bailey   | Identified the +3 leather armour "Gogg" {rElec rC+ Int-4
                  | Dex+3}
 11600 | Bailey   | Got Wegeipap's Quarto of Iniquitous Spells and the Chill
 11622 | Bailey   | Identified the +1 war axe of Jarycom {freeze, rC+}
 11818 | Bailey   | Found an iron altar of Okawaru.
 12274 | D:10     | Noticed Erolcha
 12281 | D:10     | Killed Erolcha
 12359 | D:10     | Identified the ring of Xagitusi {rPois rF+ rCorr Str+2
                  | Int-3}
 12685 | D:10     | Noticed a two-headed ogre
 12686 | D:10     | Found an ancient bone altar of Kikubaaqudgha.
 12700 | D:10     | Found a staircase to the Lair.
 12772 | D:11     | Noticed a two-headed ogre
 12777 | D:11     | Killed a two-headed ogre
 12778 | D:11     | Reached skill level 1 in Invocations
 12778 | D:11     | Reached skill level 1 in Evocations
 12941 | D:10     | Reached skill level 2 in Invocations
 13173 | D:11     | Reached skill level 3 in Invocations
 13604 | D:10     | Killed a two-headed ogre
 13605 | D:10     | Gained mutation: You have hooves in place of feet. [demonic
                  | ancestry]
 13605 | D:10     | Reached XP level 12. HP: 77/94 MP: 14/14
 13656 | Lair:1   | Entered Level 1 of the Lair of Beasts
 13659 | Lair:1   | Noticed a death yak
 13664 | Lair:1   | Noticed a death yak
 13667 | Lair:1   | Reached skill level 4 in Invocations
 13677 | Lair:1   | Noticed a death yak
 13756 | D:10     | Reached skill level 5 in Invocations
 13762 | D:10     | Killed a death yak
 13813 | Lair:1   | Killed a death yak
 13814 | Lair:1   | Reached skill level 6 in Invocations
 13919 | Lair:1   | Noticed a death yak
 13935 | D:10     | Killed a death yak
 14075 | Lair:1   | Killed a death yak
 14526 | Lair:1   | Reached skill level 7 in Invocations
 14788 | Lair:1   | You fall into a shaft and drop 1 floor!
 15070 | Lair:2   | Found a staircase to the Shoals.
 15126 | Lair:2   | Noticed SlaveLabor's ghost (journeyman TrFi)
 15127 | Lair:2   | Found a runed translucent gate.
 15128 | Lair:2   | Found a runed translucent gate.
 15198 | Lair:2   | Found a runed translucent gate.
 15248 | Lair:2   | Found a staircase to the Snake Pit.
 15406 | Lair:2   | Reached skill level 8 in Invocations
 15435 | Lair:2   | Noticed Urug
 15726 | Lair:2   | Killed Urug
 15727 | Lair:2   | Reached XP level 13. HP: 103/103 MP: 19/19
 16168 | Lair:3   | Noticed Josephine
 16435 | Lair:3   | Reached skill level 10 in Fighting
 16990 | Lair:3   | Killed Josephine
 16991 | Lair:3   | Reached skill level 10 in Dodging
 17758 | Lair:4   | Reached ****** piety under Uskayaw
 17876 | Lair:4   | Reached skill level 9 in Invocations
 17899 | Lair:4   | Reached skill level 10 in Unarmed Combat
 18400 | Lair:4   | Reached skill level 10 in Invocations
 18545 | Lair:5   | Entered Level 5 of the Lair of Beasts
 19351 | Lair:5   | Gained mutation: You have a pair of antennae on your head.
                  | [demonic ancestry]
 19351 | Lair:5   | Reached XP level 14. HP: 86/110 MP: 21/21
 19359 | Lair:5   | Reached skill level 1 in Shields
 19633 | Lair:5   | Got the Octavo of Crystalline Burning
 19932 | Lair:5   | Found a staircase to the Slime Pits.
 19932 | Lair:5   | Found a viscous altar of Jiyva.
 20242 | Lair:5   | Reached skill level 5 in Shields
 20280 | Lair:5   | Found a basalt altar of Yredelemnul.
 21829 | D:13     | Found a runed translucent gate.
 21830 | D:13     | Found a runed translucent gate.
 21830 | D:13     | Found an ancient bone altar of Kikubaaqudgha.
 21831 | D:13     | Found a runed translucent gate.
 21833 | D:13     | Noticed a lich
 21833 | D:13     | Noticed Papox's ghost (journeyman DsEE)
 21833 | D:13     | Noticed a lich
 21833 | D:13     | Noticed a lich
 21834 | D:13     | Noticed a lich
 21847 | D:13     | Found Duinosin's Book Shop.
 21869 | D:13     | Found a gate leading to a gauntlet.
 21878 | Gauntlet | Entered a Gauntlet
 21878 | Gauntlet | Found a transporter.
 21878 | Gauntlet | Found a runed translucent door.
 21878 | Gauntlet | Found a transporter.
 21878 | Gauntlet | Found a runed translucent door.
 21878 | Gauntlet | Found a transporter.
 21879 | Gauntlet | Found a transporter.
 21880 | Gauntlet | Found a transporter.
 21883 | Gauntlet | Found a transporter.
 21887 | Gauntlet | Found a runed translucent door.
 21889 | Gauntlet | Found a runed translucent door.
 21890 | Gauntlet | Found a transporter.
 21891 | Gauntlet | Found a transporter.
 21892 | Gauntlet | Found a transporter.
 21894 | Gauntlet | Found a transporter.
 21902 | Gauntlet | Found a transporter.
 21902 | Gauntlet | Found the +8 demon blade "Leech" {evervamp, Harm Drain rN+}
 21903 | Gauntlet | Found a transporter.
 22066 | Gauntlet | Identified the +4 quarterstaff of Resonant Subterfuge
                  | {holy, Contam Str+4 Dex+3}
 22113 | Gauntlet | Identified the ring of the Centaur {rC+ Dex+3}
 22169 | Gauntlet | Identified the +7 scimitar of the Singing Pariah {heavy,
                  | Will++}
 22309 | Gauntlet | Identified the +9 rapier of Dedy {freeze, *Slow rCorr Int+2
                  | SInv}
 23354 | D:14     | Found Nuel's Weapon Emporium.
 23656 | D:14     | Reached skill level 10 in Shields
 23661 | D:14     | Found a gate to the Vaults.
 23928 | D:15     | Entered Level 15 of the Dungeon
 23978 | D:15     | Found a staircase to the Depths.
 24217 | D:15     | Reached skill level 5 in Evocations
 24217 | D:15     | Gained mutation: Spells you cast may paralyse adjacent
                  | enemies. [demonic ancestry]
 24217 | D:15     | Reached XP level 15. HP: 113/115 MP: 22/22
 26388 | Orc:1    | Entered Level 1 of the Orcish Mines
 26388 | Orc:1    | Noticed Jorgrun
 26509 | Orc:1    | Killed Jorgrun
 26635 | Orc:2    | Entered Level 2 of the Orcish Mines
 27040 | Orc:1    | Noticed Snorg
 27052 | Orc:1    | Killed Snorg
 27691 | Orc:2    | Found Fistory's Assorted Antiques.
 27760 | Orc:2    | Found Makemoit's General Store.
 27997 | Orc:2    | Bought a scroll of teleportation for 36 gold pieces
 28438 | Orc:2    | Found a staircase to the Elven Halls.
 29062 | Orc:2    | Found Tempu's General Store.
 29290 | Orc:2    | Found Tuegokes's Book Shoppe.
 29712 | Orc:2    | Acquired a manual of Invocations
 29814 | Orc:2    | Bought a scroll of enchant armour for 90 gold pieces
 29935 | Orc:2    | Bought a scroll of blinking for 105 gold pieces
 29935 | Orc:2    | Bought a scroll of acquirement for 728 gold pieces
 29935 | Orc:2    | Acquired a manual of Shields
 30101 | Snake:1  | Entered Level 1 of the Snake Pit
 30135 | Snake:1  | Reached skill level 1 in Armour
 30150 | Snake:1  | Gained mutation: You regenerate magic rapidly. [demonic
                  | ancestry]
 30150 | Snake:1  | Reached XP level 16. HP: 86/127 MP: 22/24
 30394 | Snake:1  | Reached skill level 11 in Invocations
 30398 | Snake:1  | Found Eqeth's Book Shoppe.
 30703 | Snake:1  | Reached skill level 12 in Invocations
 31225 | Snake:1  | Reached skill level 13 in Invocations
 31580 | Snake:2  | Reached skill level 14 in Invocations
 31826 | Snake:2  | Reached skill level 5 in Armour
 32511 | Snake:2  | Reached skill level 15 in Invocations
 33434 | Snake:3  | Noticed Aizul
 33451 | Snake:3  | Killed Aizul
 34870 | Snake:4  | Entered Level 4 of the Snake Pit
 35232 | Snake:4  | Found a frozen archway.
 35361 | IceCv    | Entered an ice cave
 35407 | IceCv    | Reached XP level 17. HP: 133/133 MP: 28/28
 35555 | IceCv    | Reached skill level 10 in Armour
 36031 | IceCv    | Noticed a shard shrike
 36060 | IceCv    | Killed a shard shrike
 36913 | Snake:4  | Reached skill level 16 in Invocations
 37290 | Snake:4  | Slain by a naga warrior

Illustrated notes

Levels and vault maps discovered:
D:1:      dpeg_arrival_tiny_a, layout_loops_corners,
          shapermc_ecumenical_altar_ellora
D:2:      minmay_wonky_spiral, layout_basic
D:3:      layout_basic, mainiacjoe_overflow_six_doors_small,
          nicolae_overflow_hidden_temple, hangedman_feature_mirror,
          st_stairs_12, hex_large, kennysheep_generic_room_3
D:4:      layout_rooms, roderic_lattice_a, hangedman_minor_gate_pass,
          uniq_natasha, uniq_pikel
D:5:      layout_basic, mainiacjoe_overflow_concentric_impassable,
          worldfamousw_hep_ancestral_shrine, zin_statuary,
          minmay_misc_feat_alley, uniq_blork_the_orc
D:6:      hangedman_cross_stitches, layout_loops_ring,
          pdpol_wu_jian_five_deadly_venoms
D:7:      layout_loops_cross, mainiacjoe_overflow_small_starburst,
          temple_pool_b, nicolae_ossuary_entry_ruins
D:8:      layout_basic
D:9:      layout_gridville, minmay_orc_entry_guard_dogs, serial_undead,
          serial_undead_a, serial_undead_a, serial_undead_a, serial_undead_a
D:10:     layout_roguey, lemuel_tele_altar, lair_entry_dummy, enter_bailey_3,
          uniq_erolcha
D:11:     layout_cave_pools
D:12:     layout_roguey
D:13:     layout_roguey, gauntlet_entry_generic, gammafunk_ghost_crypt,
          serial_shops, shop
D:14:     layout_rooms, hellmonk_vaults_order_and_chaos, bh_walls_and_bars,
          serial_shops, shop, corexii_leaking_fountain
D:15:     hangedman_depths_entry_try_elsewhere_first, layout_layer_cave,
          minmay_quadrilaterals
Temple:   nicolae_temple_bog_church
Lair:1:   layout_roguey, serial_bayou_pond_e, nicolae_quartered_pool_super,
          infiniplex_staircase_pool_2, grunt_megastairs_3, serial_bayou_shore_b
Lair:2:   layout_roguey, minmay_shoals_entry_centaurs,
          guppyfry_snake_entry_garden, ebering_ghost_rock_garden,
          serial_bayou_shore_b, uniq_urug
Lair:3:   layout_hall_layers, uniq_josephine
Lair:4:   layout_roguey, grunt_megastairs_1
Lair:5:   minmay_lair_end_enchanted_forest, layout_cave_pods, slime_entry_1,
          basic_altar, evilmike_ambush [evilmike_ambush_outer_basic,
          evilmike_ambush_inner_pond]
Snake:1:  layout_misc_corridors, serial_shops, nicolae_shop_tiny_glass
Snake:2:  layout_layer_cave
Snake:3:  layout_honeycomb, serial_bayou_pond_e, grunt_ministairs_2,
          grunt_megastairs_2, uniq_aizul
Snake:4:  grunt_snake_rune_spirals, layout_onion, serial_shops,
          nicolae_shop_rolled_up, portal_ice_cave_entry_ugly_swarm
Orc:1:    layout_diamond_mine, mines2_david, uniq_snorg, uniq_jorgrun
Orc:2:    pubby_orc_utopia

Skill      XL: |  1  2  3  4  5  6  7  8  9 10 11 12 13 14 15 16 17 |
---------------+----------------------------------------------------+-----
Shapeshifting  | 3 4 5 7 8 9 10 | 10.0
Unarmed Combat | 3 4 5 6 7 8 9 10 12 | 12.0
Fighting       | 2 3 4 5 7 8 9 10 12 | 12.0
Dodging        | 4 8 9 12 13 | 13.6
Invocations    | 3 8 10 15 16 | 16.3
Evocations     | 2 4 5 6 |  6.0
Shields        | 10 11 | 11.1
Armour         | 1 9 11 | 11.0

Action                     |  1- 3 |  4- 6 |  7- 9 | 10-12 | 13-15 | 16-18 || total
---------------------------+-------+-------+-------+-------+-------+-------++-------
  Melee: Unarmed           |    84 |   133 |   140 |   538 |  1227 |   713 ||  2835
         Punch             |     1 |     1 |     4 |    30 |    28 |       ||    64
         Kick              |    21 |    31 |    44 |   224 |   586 |   325 ||  1231
         Touch             |     1 |    23 |    22 |   106 |    76 |       ||   228
 Invoke: Grand Finale      |       |       |       |       |     2 |     1 ||     3
         Line Pass         |       |       |       |       |     3 |     3 ||     6
         Stomp             |       |       |       |       |     2 |     2 ||     4
  Evoke: Wand              |       |       |     7 |     8 |     3 |     7 ||    25
    Use: Scroll            |     1 |     7 |       |    19 |     7 |     3 ||    37
         Potion            |       |     1 |     4 |     5 |     3 |    11 ||    24
   Stab: Sleeping          |     2 |     3 |       |     5 |     8 |       ||    18
         Paralysed         |       |       |       |    44 |   105 |    87 ||   236
         Distracted        |       |       |       |     2 |     4 |       ||     6
         Petrified         |       |       |       |       |     8 |       ||     8
         Petrifying        |       |       |       |       |     1 |       ||     1
         Confused          |       |       |       |       |     2 |       ||     2
 Armour: Animal skin       |    21 |     8 |       |       |       |       ||    29
         Skin              |       |    13 |    24 |       |     2 |       ||    39
         Plate armour      |       |    19 |    51 |    49 |     5 |   200 ||   324
         Scale mail        |       |       |       |    44 |       |       ||    44
         Ring mail         |       |       |       |     2 |       |       ||     2
         Leather armour    |       |       |       |    22 |    74 |       ||    96
  Dodge: Dodged            |    40 |    30 |    35 |   298 |   738 |   281 ||  1422
  Block: Other             |       |       |       |    37 |    73 |       ||   110
         Reflection        |       |       |       |     1 |    29 |    68 ||    98
         Kite shield       |       |       |       |       |   772 |   564 ||  1336
         Buckler           |       |       |       |       |       |    18 ||    18
   Form: Beast             |       |       |       |       |     3 |       ||     3
         Maw               |       |       |       |       |     3 |       ||     3
         Blade             |       |       |       |       |     1 |       ||     1
         Anaconda          |       |       |       |       |     1 |       ||     1

Table legend: (Time is in decaauts)
 A = Elapsed time spent in this place.
 B = Non-inter-level travel time spent in this place.
 C = Inter-level travel time spent in this place.
 D = Time resting spent in this place.
 E = Time spent auto-exploring this place.
 F = Levels seen in this place.
 G = Mean time per level.
                   A        B        C        D        E       F      G
               +--------+--------+--------+--------+--------+-----+--------+
         Total |  37388 |  35919 |   1469 |  11775 |  16154 |  31 | 1206.1 |
       Dungeon |  17125 |  16304 |    821 |   4815 |   8204 |  15 | 1141.7 |
        Temple |     28 |      3 |     25 |      0 |      0 |   1 |   28.0 |
          Lair |   7169 |   6884 |    285 |   2232 |   3402 |   5 | 1433.8 |
     Snake Pit |   5818 |   5741 |     77 |   2231 |   2190 |   4 | 1454.5 |
  Orcish Mines |   3473 |   3214 |    259 |   1196 |   1122 |   2 | 1736.5 |
       Ossuary |    236 |    236 |      0 |     23 |    108 |   1 |  236.0 |
        Bailey |   1665 |   1665 |      0 |    680 |    593 |   1 | 1665.0 |
      Ice Cave |   1402 |   1402 |      0 |    503 |    414 |   1 | 1402.0 |
      Gauntlet |    467 |    467 |      0 |     94 |    119 |   1 |  467.0 |
               +--------+--------+--------+--------+--------+-----+--------+

Top non-repeatable levels by time:
   Orc:2: 2868 daAuts
    D:15: 2322 daAuts
 Snake:3: 2144 daAuts
  Lair:5: 1912 daAuts
  Lair:3: 1804 daAuts
  Bailey: 1665 daAuts
 Snake:2: 1619 daAuts
     D:9: 1606 daAuts
    D:10: 1481 daAuts
 Snake:1: 1453 daAuts
   IceCv: 1402 daAuts
     D:3: 1340 daAuts
     D:5: 1290 daAuts
  Lair:2: 1238 daAuts
     D:6: 1222 daAuts
